 Dungeon Crawl Stone Soup version 0.32-a0-30-gefbe487952 (webtiles) character file.

Game seed: 9222583678782672039

3578 gruber the Fighter (level 10, -5/107 HPs)
             Began as an Oni Shapeshifter on Jan 19, 2024.
             Was an Initiate of Gozag.
             Slain by a basilisk (16 damage)
             ... on level 8 of the Dungeon.
             The game lasted 00:11:27 (8294 turns).

gruber the Fighter (Oni Shapeshifter)               Turns: 8294, Time: 00:11:27

Health: -5/107     AC:  3    Str: 24    XL:     10   Next: 10%
Magic:  10/10      EV: 16    Int: 11    God:    Gozag
Gold:   263        SH:  0    Dex:  8    Spells: 9/9 levels left

rFire   . .          .
                       - Unarmed
rCold   + . .        (no shield)
rNeg    . . .        a - +0 animal skin
rPois   .            (helmet currently unavailable)
rElec   .            (cloak currently unavailable)
rCorr   .            (gloves unavailable)
SInv    .            (boots unavailable)
Will    +....        B - amulet of the acrobat
Stlth   +            o - +5 ring of evasion
HPRegen 0.37/turn    u - ring of protection from cold
MPRegen 0.12/turn

%: acrobat
@: confused, beast-form, ambrosia-drunk
A: beast (slay +4), large, unfitting armour, horns 1, tough skin 1, double
potion healing, drunken brawling
a: Begin Untransformation, Renounce Religion, Potion Petition, Call Merchant,
Bribe Branch


You were on level 8 of the Dungeon.
You worshipped Gozag.
Gozag was aware of your devotion.
You were a hulking beast.
You visited 2 branches of the dungeon, and saw 9 of its levels.
You also visited: Ossuary.

You collected 367 gold pieces.
You paid 104 gold pieces to Gozag.

Inventory:

Missiles
 n - 13 poisoned darts (quivered)
Armour
 a - a +0 animal skin (worn)
Jewellery
 l - a ring of ice
 o - a +5 ring of evasion (left hand)
 r - a ring of fire
 u - a ring of protection from cold (right hand)
 B - an amulet of the acrobat (around neck)
 G - a ring of protection from fire
Talismans
 c - a beast talisman
 d - a flux talisman
 y - a blade talisman
Wands
 b - a wand of flame (13)
 x - a wand of mindburst (16)
 C - a wand of digging (6)
 I - a wand of paralysis (7)
Scrolls
 e - 2 scrolls of blinking {unknown}
 f - 7 scrolls of identify {unknown}
 g - 6 scrolls of teleportation {unknown}
 m - a scroll of poison {unknown}
 p - a scroll of fear {unknown}
 q - 2 scrolls of amnesia {unknown}
 v - 2 scrolls of immolation {unknown}
Potions
 h - 2 potions of enlightenment {unknown}
 i - a potion of heal wounds {unknown}
 j - a potion of brilliance {unknown}
 k - 3 potions of cancellation {unknown}
 s - a potion of mutation {unknown}
 t - 3 potions of ambrosia
 w - 4 potions of might {unknown}
 z - 6 potions of curing {unknown}
 A - a potion of resistance {unknown}
 D - a potion of haste {unknown}
 E - 4 potions of berserk rage {unknown}
 F - 5 potions of degeneration
 H - a potion of attraction {unknown}


   Skills:
 * Level 9.1 Fighting
 - Level 6.0 Dodging
 - Level 8.0 Unarmed Combat
 - Level 7.0 Shapeshifting


You had 9 spell levels left.
You didn't know any spells.
Your spell library contained the following spells:

 Spells                   Type           Power      Damage    Failure   Level
 Foxfire                  Conj/Fire      0%         2x1d4     34%         1
 Scorch                   Fire           0%         2d5       47%         2
 Fugue of the Fallen      Necr           0%         N/A       71%         3
 Hailstorm                Conj/Ice       0%         3d5       71%         3
 Ozocubu's Armour         Ice            0%         N/A       71%         3
 Summon Ice Beast         Ice/Summ       0%         N/A       71%         3
 Flame Wave               Conj/Fire      0%         2d4       98%         4
 Manifold Assault         Tloc           0%         N/A       98%         4
 Passage of Golubria      Tloc           0%         N/A       98%         4
 Silence                  Hex/Air        0%         N/A       100%        5
 Plasma Beam              Fire/Air       0%         2x1d10    100%        6
 Sculpt Simulacrum        Ice/Alch       0%         N/A       100%        6
 Starburst                Conj/Fire      0%         6d3       100%        6
 Summon Cactus Giant      Summ           0%         N/A       100%        6
 Lehudib's Crystal Spear  Conj/Erth      0%         10d2      100%        8


Dungeon Overview and Level Annotations

Branches:
Dungeon (8/15)             Temple (1/1) D:6            Lair (0/5) D:8
Ossuary (visited)

Altars:
Ashenzari
Cheibriados
Dithmenos
Elyvilon
Fedhas
Gozag
Hepliaklqana
Kikubaaqudgha
Makhleb
Nemelex Xobeh
Okawaru
Qazlal
Ru
Sif Muna
Trog
Uskayaw
Vehumet
Wu Jian
Xom
Yredelemnul
Zin
The Shining One

Shops:
D:4 **?=   D:7 *

Annotations:
D:4 2 runed translucent doors, Mll's ghost, novice GrFi


Innate Abilities, Weirdness & Mutations

You are a hulking beast.
Your limbs bulge with bestial killing power. (Slay +4)
You are too large for most types of armour.
You have a pair of small horns on your head.
You have tough skin. (AC +1)
You gain doubled healing and magic from potions.
Whenever you drink a healing potion, you attack all around you.


Message History

The yak bellows!
You hear an angry hiss.
The basilisk bites you!
An iguana comes into view.
The yak gores you! The basilisk bites you!
* * * LOW HITPOINT WARNING * * *
The yak gores you!
* * * LOW HITPOINT WARNING * * *
A basilisk comes into view.
The basilisk bites you!
* * * LOW HITPOINT WARNING * * *
The iguana bites you!
* * * LOW HITPOINT WARNING * * *
The yak gores you!
* * * LOW HITPOINT WARNING * * *
The basilisk bites you. The iguana bites you.
* * * LOW HITPOINT WARNING * * *
The yak gores you!
* * * LOW HITPOINT WARNING * * *
You turn to flesh and can move again.
Unknown command.
Unknown command.
Unknown command.
Unknown command.
Unknown command.
Unknown command.
Welcome back, gruber the Oni Shapeshifter.
Gozag says: Greed is good.
Press ? for a list of commands and other information.
You take a swig of the potion and flex your muscles.
You barely miss the iguana.
The basilisk hisses angrily.
You punch the yak!
The yak is moderately wounded.
You closely miss the basilisk. Your headbutt misses the basilisk.
The basilisk is almost dead.
You are confused.
You savour every drop.
You feel invigorated. The basilisk bites you!
You die...
Your body crumbles into a pile of gold.

.#.....)..............'..#
###..##...............#..#
#######.............Y.#..#
.....##########..##..##..#
.....##..######..##..##Y.#
(...........#...[.#..#...#
............#...l.#..#.l.#
##...##...###.##l##..##..#
##...########.##h##..##..#
.#.........#..#.lY...<#...#
.'.........#..#..YYz..#.....
#######...##..##......#.....Y.
#...##..##......#..P...P.P
#....#...$$.....l....♣PlPY
#....'..$#......#l......Pl
###+###'##......#....P...>
.....!...#......#


You could see 3 yaks, 3 basilisks, 2 iguanas and a wight.

Vanquished Creatures
  Sigmund (D:4)
  A yak (D:8)
  Duvessa (D:4)
  2 ice beasts (D:7)
  An orc warrior (D:6)
  An ogre (D:6)
  3 centaurs
  A phantom (D:6)
  A kobold brigand (D:7)
  3 elf zombies (Ossuary)
  A gnoll sergeant (D:7)
  6 scorpions
  3 wights (D:7)
  10 killer bees
  Dowan (D:4)
  4 bombardier beetles
  A centaur zombie (Ossuary)
  A human zombie (Ossuary)
  A quasit (D:4)
  An orc priest (D:5)
  4 hounds
  Natasha (thrice) (D:4)
  Jessica (D:2)
  2 orc wizards (D:5)
  5 iguanas
  5 hound zombies (Ossuary)
  2 mummies (Ossuary)
  14 gnolls
  6 adders
  5 shadow imps
  2 white imps (D:4)
  3 ufetubi
  8 adder zombies (Ossuary)
  6 dart slugs
  3 ribbon worms
  24 orcs
  4 endoplasms
  A giant cockroach (D:3)
  7 gnoll zombies (Ossuary)
  5 goblins
  7 hobgoblins
  3 jackals (D:1)
  3 quokkas
  9 ball pythons
  4 bats
  4 frilled lizards
  3 jackal zombies (Ossuary)
  2 kobolds (D:4)
  5 kobold zombies (Ossuary)
  4 orc zombies (Ossuary)
  2 rats
200 creatures vanquished.

Notes
Turn   | Place    | Note
-------+----------+-------------------------------------------
     0 | D:1      | gruber the Oni Shapeshifter began the quest for the Orb.
     0 | D:1      | Reached XP level 1. HP: 19/19 MP: 1/1
   251 | D:1      | Reached XP level 2. HP: 27/27 MP: 2/2
   761 | D:2      | Reached XP level 3. HP: 13/33 MP: 3/3
  1196 | D:2      | Reached XP level 4. HP: 30/41 MP: 4/4
  1204 | D:2      | Noticed Jessica
  1226 | D:2      | Killed Jessica
  1346 | D:2      | Reached skill level 5 in Unarmed Combat
  1346 | D:2      | Reached XP level 5. HP: 44/48 MP: 5/5
  1601 | D:3      | Found a faded altar of an unknown god.
  1788 | D:3      | Found a stormy altar of Qazlal.
  1829 | D:3      | Found a basalt altar of Yredelemnul.
  2348 | D:4      | Found Upru Dutu's Assorted Antiques.
  2362 | D:4      | Found Dohop's Magic Scroll Shoppe.
  2378 | D:4      | Found Dusueg's Jewellery Shop.
  2430 | D:4      | Noticed Sigmund
  2444 | D:4      | Killed Sigmund
  2445 | D:4      | Reached XP level 6. HP: 48/55 MP: 6/6
  2489 | D:4      | Noticed Duvessa
  2517 | D:4      | Killed Duvessa
  2536 | D:4      | Noticed Dowan
  2540 | D:4      | Killed Dowan
  2541 | D:4      | Reached XP level 7. HP: 36/62 MP: 7/7
  2683 | D:4      | Found a shimmering altar of Xom.
  2684 | D:4      | Noticed Natasha
  2701 | D:4      | Killed Natasha
  2840 | D:4      | Found a runed translucent door.
  2844 | D:4      | Noticed Mll's ghost (novice GrFi)
  2963 | D:4      | Found a runed translucent door.
  3018 | D:4      | Noticed Natasha
  3021 | D:4      | Found a glowing silver altar of Zin.
  3021 | D:4      | Noticed an angel
  3023 | D:4      | Killed Natasha
  3039 | D:4      | Found Heorimn's Assorted Antiques.
  3260 | D:4      | Reached skill level 2 in Fighting
  3293 | D:4      | Reached skill level 3 in Fighting
  3484 | D:4      | Noticed Natasha
  3491 | D:4      | Killed Natasha
  3688 | D:5      | Entered Level 5 of the Dungeon
  3730 | D:5      | Found a sparkling altar of Nemelex Xobeh.
  3817 | D:5      | Reached skill level 4 in Fighting
  3817 | D:5      | Reached XP level 8. HP: 79/79 MP: 8/8
  3894 | D:5      | Reached skill level 5 in Fighting
  4090 | D:5      | Reached skill level 6 in Fighting
  4316 | D:5      | Reached skill level 7 in Fighting
  4606 | D:6      | Found a staircase to the Ecumenical Temple.
  4611 | Temple   | Entered the Ecumenical Temple
  4642 | D:6      | Found a radiant altar of Vehumet.
  4668 | D:6      | Reached skill level 8 in Fighting
  5131 | D:6      | Reached XP level 9. HP: 86/96 MP: 9/9
  5241 | D:6      | Identified the +0 spear of Instant Death {speed, rC+ rCorr}
  5323 | D:6      | Reached skill level 5 in Shapeshifting
  5392 | D:6      | Found a burning altar of Makhleb.
  6424 | D:7      | Found Fitubb's Assorted Antiques.
  6798 | D:7      | Found a sand-covered staircase.
  6803 | Ossuary  | Entered an ossuary
  7151 | D:7      | Identified the +6 long sword "Jelly's Death" {freeze, *Slow
                  | rElec rN+++ rCorr}
  7163 | D:7      | Reached skill level 5 in Dodging
  7786 | Temple   | Became a worshipper of Gozag Ym Sagoz the Greedy
  7935 | D:8      | Reached XP level 10. HP: 67/104 MP: 10/10
  8251 | D:8      | Found a staircase to the Lair.
  8280 | D:8      | Reached skill level 9 in Fighting
  8293 | D:8      | HP: 1/107 [yak (8)]
  8294 | D:8      | Slain by a basilisk

Illustrated notes

Levels and vault maps discovered:
D:1:      minmay_arrival_loop, layout_loops_ring, glass_columns_a
D:2:      minmay_door_path, layout_rooms, dk_noncrumbling_2, uniq_jessica
D:3:      layout_rooms, minitemple, chequers_ecumenical_altar_simple
D:4:      layout_basic, grunt_temple_overflow_order_and_chaos_1, serial_shops,
          nicolae_shop_tiny_statue_garden, shop, shop,
          nicolae_shop_real_fake_doors, serial_demonic, serial_demonic_g,
          serial_demonic_c, serial_demonic_c, serial_demonic_c,
          ebering_ghost_sewer_f, uniq_sigmund, uniq_natasha, uniq_duvessa
D:5:      layout_loops_cross, nemelex_xobeh_ov_fountains_minmay
D:6:      layout_layer_cave, vehumet_crystals, mainiacjoe_overflow_alcove_4,
          temple_doors_e, nicolae_concentric_dashed_squares_wild
D:7:      layout_basic, enter_ossuary_2, serial_shops, nicolae_shop_crystal,
          blue_anna_alchemist
D:8:      layout_gridville, minmay_lair_entry_grove
Temple:   hellmonk_temple_two_chambers

Skill      XL: |  1  2  3  4  5  6  7  8  9 10 |
---------------+-------------------------------+-----
Unarmed Combat | 3 4 5 6 7 8 |  8.0
Fighting       | 4 8 9 |  9.1
Dodging        | 3 6 |  6.0
Shapeshifting  | 4 7 |  7.0

Action                     |  1- 3 |  4- 6 |  7- 9 | 10-12 || total
---------------------------+-------+-------+-------+-------++-------
  Melee: Unarmed           |    69 |    95 |   421 |    28 ||   613
         Headbutt          |    11 |    16 |    61 |     2 ||    90
         Punch             |       |     5 |    17 |     1 ||    23
  Throw: Dart              |       |     3 |       |       ||     3
  Evoke: Wand              |       |       |     2 |       ||     2
    Use: Potion            |       |       |     1 |     1 ||     2
   Stab: Paralysed         |       |       |     2 |       ||     2
 Armour: Animal skin       |    28 |    63 |   154 |    27 ||   272
         Skin              |       |       |    77 |       ||    77
  Dodge: Dodged            |    35 |    47 |   264 |    26 ||   372

Table legend: (Time is in decaauts)
 A = Elapsed time spent in this place.
 B = Non-inter-level travel time spent in this place.
 C = Inter-level travel time spent in this place.
 D = Time resting spent in this place.
 E = Time spent auto-exploring this place.
 F = Levels seen in this place.
 G = Mean time per level.
                   A        B        C        D        E       F      G
               +--------+--------+--------+--------+--------+-----+--------+
         Total |   8218 |   7854 |    364 |    333 |   6264 |  10 |  821.8 |
       Dungeon |   7897 |   7544 |    353 |    333 |   6122 |   8 |  987.1 |
        Temple |     18 |      8 |     10 |      0 |      0 |   1 |   18.0 |
       Ossuary |    302 |    302 |      0 |      0 |    142 |   1 |  302.0 |
               +--------+--------+--------+--------+--------+-----+--------+

Top non-repeatable levels by time:
     D:6: 1644 daAuts
     D:7: 1284 daAuts
     D:4: 1266 daAuts
     D:5: 856 daAuts
     D:2: 854 daAuts
     D:3: 814 daAuts
     D:1: 731 daAuts
     D:8: 445 daAuts
 Ossuary: 302 daAuts
  Temple: 18 daAuts
